 Dungeon Crawl Stone Soup version 0.30.0-15-g856e2d3f33 (webtiles) character file.

Game seed: 17227681450921716155

552 ProzacElf the Magician (level 7, 0/46 HPs)
             Began as a Demonspawn Hedge Wizard on May 19, 2023.
             Succumbed to a water moccasin's poison
             ... on level 4 of the Dungeon.
             The game lasted 00:14:10 (4068 turns).

ProzacElf the Magician (Demonspawn Hedge Wizard)    Turns: 4068, Time: 00:14:11

Health: 0/46       AC:  6    Str: 12    XL:     7   Next: 8%
Magic:  20/31      EV: 10    Int: 16    God:
Gold:   186        SH:  0    Dex: 12    Spells: 3/14 levels left

rFire   . . .        b - +0 spear
rCold   . . .        (no shield)
rNeg    . . .        l - +0 ring mail
rPois   .            c - +0 hat
rElec   .            (no cloak)
rCorr   .            i - +0 pair of gloves
SInv    .            (no boots)
Will    .....        (no amulet)
Stlth   ++           r - ring of magical power
HPRegen 0.27/turn    y - ring of magical power
MPRegen 0.22/turn

%: no passive effects
@: lethally poisoned (0 -> -15), unable to drink
A: hooves 2, ignite blood 1, powered by pain 1, inability to drink after injury
1
a: no special abilities


You were on level 4 of the Dungeon.
You visited 1 branch of the dungeon, and saw 4 of its levels.

You collected 186 gold pieces.

Inventory:

Hand Weapons
 a - a +0 dagger
 b - a +0 spear (weapon)
Missiles
 h - 2 boomerangs
 A - 2 poisoned darts (quivered)
 B - 2 javelins
Armour
 c - a +0 hat (worn)
 i - a +0 pair of gloves (worn)
 l - a +0 ring mail (worn)
 m - a +0 leather armour
 s - a +1 helmet of see invisible
 v - a +0 robe
 x - a +0 ring mail
Jewellery
 g - a ring of protection from fire
 r - a ring of magical power (left hand)
 y - a ring of magical power (right hand)
 C - a +5 ring of evasion
Wands
 w - a wand of flame (17)
Scrolls
 e - 4 scrolls of identify {unknown}
 f - a scroll of enchant weapon {unknown}
 j - 2 scrolls of fog {unknown}
 o - 3 scrolls of teleportation {unknown}
 p - a scroll of torment {unknown}
 q - a scroll of amnesia {unknown}
 u - 2 scrolls of enchant armour {unknown}
 z - 3 scrolls of summoning {unknown}
 D - a scroll of acquirement {unknown}
 E - a scroll of poison {unknown}
Potions
 d - a potion of magic
 k - a potion of might
 t - a potion of curing {unknown}
 F - a potion of attraction {unknown}


   Skills:
 - Level 1.7 Dodging
 + Level 4.0 Stealth
 - Level 4.0 Spellcasting
 - Level 3.0 Conjurations
 + Level 0.7 Hexes
 - Level 3.0 Summonings
 + Level 0.8 Necromancy
 - Level 3.0 Translocations
 + Level 0.7 Air Magic
 + Level 0.8 Poison Magic


You had 3 spell levels left.
You knew the following spells:

 Your Spells              Type           Power      Damage    Failure   Level
a - Magic Dart            Conj           48%        1d5       11%         1
b - Call Imp              Summ           24%        N/A       17%         2
c - Cigotuvi's Dreadful   Necr/Pois/Air  10%        N/A       38%         2
d - Mephitic Cloud        Conj/Pois/Air  8%         N/A       52%         3
o - Blink                 Tloc           24%        N/A       17%         2
v - Slow                  Hex            20%        N/A       28%         1

Your spell library contained the following spells:

 Spells                   Type           Power      Damage    Failure   Level


Dungeon Overview and Level Annotations

Branches:
Dungeon (4/15)
 Temple: D:4-7

Altars:
Ashenzari
Xom


Innate Abilities, Weirdness & Mutations

You have hoof-like feet.
Your demonic aura sometimes causes spilled blood to erupt in flames.
You sometimes gain a little power by taking damage.
You occasionally lose the ability to drink potions when taking damage.


Message History

Press: ? - help, Shift-Dir - straight line, f/p - water moccasin
Aim: a water moccasin (heavily wounded, 'lly target, 100% ta hit) Tha magic dart hits tha water moccasin but does nay damage.
Tha water moccasin be heavily wounded.
Ye feel very sick.
Tha water moccasin closely misses ye.
Yer cerulean imp hits tha water moccasin but does nay damage.
Ye take 3 damage, an' haf 18/41 hp.
Castin': Magic Dart (safe; 11% risk o' failure) Confirm wit' . or Enter, or press ? or * ta list all spells.
Aimin': Magic Dart (safe; 11% risk o' failure)
Press: ? - help, Shift-Dir - straight line, f/p - water moccasin
Aim: a water moccasin (heavily wounded, 'lly target, 100% ta hit) Tha magic dart hits tha water moccasin.
Tha water moccasin be heavily wounded.
Ye feel very sick.
Tha water moccasin bites ye.
Ye be leth'lly poison'd!
Tha water moccasin poisons ye!
Yer cerulean imp hits tha water moccasin from afar wit' a -3 spear.
Tha water moccasin bites ye!
Ye feel threaten'd an' lose tha ability ta drink potions!
* * * LOW HITPOINT WARNIN'
* * * Ye take 11 damage, an' haf 7/41 hp.
MASSIVE DAMAGE!!
Ye now haf 21/30 mp.
Castin': Magic Dart (safe; 11% risk o' failure) Confirm wit' . or Enter, or press ? or * ta list all spells.
Aimin': Magic Dart (safe; 11% risk o' failure)
Press: ? - help, Shift-Dir - straight line, f/p - water moccasin
Aim: a water moccasin (severely wounded, 'lly target, 100% ta hit) Tha magic dart hits tha water moccasin.
Tha water moccasin be severely wounded.
* * * LOW HITPOINT WARNIN'
* * * Ye feel very sick.
Tha water moccasin be 'ngulfed in blazin' flames.
Ye kill tha water moccasin!
Yer Stealth skill increases ta level 4!
Ye haf reached level 7!
Ye take 3 damage, an' haf 4/46 hp.
Ye now haf 20/31 mp.
Ye cannae drink potions in yer current state!
Ye die...

### ..# #### #
###.########.###... #
..........#.#...
#####.######.#.#.#######
.................>......
# ##.#......#.#@.#...# #
#.##.#####.#.○.....! #
#..........#5....$..
########.#######.......)
........................
########.#######........
##....<.................
##.#####.#.##.#.........
.......#.#.#


You could see a friendly cerulean imp (summoned).

Vanquished Creatures
  Grinder (D:3)
  A water moccasin (D:4)
  2 phantoms (D:4)
  3 adders
  3 worms (D:2)
  2 dart slugs (D:1)
  3 ball pythons (D:4)
  6 endoplasms
  4 giant cockroaches
  7 goblins
  9 hobgoblins
  6 jackals (D:1)
  5 kobolds
  2 quokkas
  3 bats
  A frilled lizard (D:2)
  4 rats
62 creatures vanquished.

Notes
Turn   | Place    | Note
-------+----------+-------------------------------------------
     0 | D:1      | ProzacElf the Demonspawn Hedge Wizard began the quest for
                  | the Orb.
     0 | D:1      | Reached XP level 1. HP: 13/13 MP: 4/4
    52 | D:1      | Reached skill level 1 in Translocations
   196 | D:1      | Gained mutation: You sometimes gain a little power by
                  | taking damage. [demonic ancestry]
   196 | D:1      | Reached XP level 2. HP: 19/19 MP: 1/6
   347 | D:1      | Learned a level 2 spell: Blink
   350 | D:1      | Learned a level 2 spell: Call Imp
   716 | D:1      | Found a faded altar of an unknown god.
  1047 | D:1      | Gained mutation: Your demonic aura sometimes causes spilled
                  | blood to erupt in flames. [demonic ancestry]
  1047 | D:1      | Reached XP level 3. HP: 20/24 MP: 1/7
  2133 | D:2      | Learned a level 1 spell: Slow
  2179 | D:2      | Gained mutation: You have large cloven feet. [demonic
                  | ancestry]
  2179 | D:2      | Reached XP level 4. HP: 30/30 MP: 9/9
  2232 | D:2      | Found a shimmering altar of Xom.
  2476 | D:3      | Noticed Grinder
  2484 | D:3      | Paralysed by Grinder for 3 turns
  2506 | D:3      | Killed Grinder
  2507 | D:3      | Reached XP level 5. HP: 15/35 MP: 10/10
  2507 | D:3      | Gained mutation: You have hoof-like feet. [demonic
                  | ancestry]
  2507 | D:3      | Reached XP level 6. HP: 17/41 MP: 11/11
  2759 | D:3      | Found a broken altar of Ashenzari.
  3534 | D:4      | Gained mutation: You occasionally lose the ability to drink
                  | potions when taking damage. [potion of mutation]
  3556 | D:4      | Noticed a water moccasin
  3835 | D:4      | Learned a level 2 spell: Cigotuvi's Dreadful Rot
  3839 | D:4      | Learned a level 3 spell: Mephitic Cloud
  4067 | D:4      | Killed a water moccasin
  4068 | D:4      | Reached XP level 7. HP: 4/46 MP: 13/13
  4068 | D:4      | Succumbed to a water moccasin's poison

Illustrated notes

Levels and vault maps discovered:
D:1:      minmay_arrival_four_houses, layout_loops_cross,
          chequers_ecumenical_altar_simple, minmay_misc_feat_room,
          supply_closet_lemuel
D:2:      layout_rooms, basic_altar, minmay_misc_feat_nine_boxes, fountainhead,
          chequers_garden
D:3:      layout_loops_corners, mainiacjoe_overflow_alcove_4, uniq_grinder
D:4:      layout_basic, kennysheep_dice

Skill      XL: |  1  2  3  4  5  6 |
---------------+-------------------+-----
Translocations | 1 2 3 |  3.0
Stealth        | 2 3 4 |  4.0
Conjurations   | 2 3 |  3.0
Summonings     | 2 3 |  3.0
Spellcasting   | 4 |  4.0
Dodging        | |  1.7
Hexes          | |  0.7
Necromancy     | |  0.8
Air Magic      | |  0.7
Poison Magic   | |  0.8

Action                     |  1- 3 |  4- 6 |  7- 9 || total
---------------------------+-------+-------+-------++-------
  Melee: Dagger            |   102 |       |       ||   102
         Spear             |       |    39 |       ||    39
         Kick              |       |     8 |       ||     8
   Cast: Magic Dart        |   112 |    84 |       ||   196
         Slow              |       |     1 |       ||     1
         Call Imp          |       |     1 |       ||     1
    Use: Potion            |       |     4 |       ||     4
   Stab: Sleeping          |       |     3 |       ||     3
 Armour: Robe              |     1 |       |       ||     1
         Ring mail         |    26 |    19 |       ||    45
         Leather armour    |    13 |     4 |       ||    17
  Dodge: Dodged            |    66 |    49 |       ||   115

Action                     |  1- 3 |  4- 6 |  7- 9 || total
---------------------------+-------+-------+-------++-------
  Melee: Dagger            |   102 |       |       ||   102
         Spear             |       |    39 |       ||    39
         Kick              |       |     8 |       ||     8
   Cast: Magic Dart        |   112 |    84 |       ||   196
         Slow              |       |     1 |       ||     1
         Call Imp          |       |     1 |       ||     1
    Use: Potion            |       |     4 |       ||     4
   Stab: Sleeping          |       |     3 |       ||     3
 Armour: Robe              |     1 |       |       ||     1
         Ring mail         |    26 |    19 |       ||    45
         Leather armour    |    13 |     4 |       ||    17
  Dodge: Dodged            |    66 |    49 |       ||   115

Levels and vault maps discovered:
D:1:      minmay_arrival_four_houses, layout_loops_cross,
          chequers_ecumenical_altar_simple, minmay_misc_feat_room,
          supply_closet_lemuel
D:2:      layout_rooms, basic_altar, minmay_misc_feat_nine_boxes, fountainhead,
          chequers_garden
D:3:      layout_loops_corners, mainiacjoe_overflow_alcove_4, uniq_grinder
D:4:      layout_basic, kennysheep_dice
